 Dungeon Crawl Stone Soup version 0.31.0-9-g3a7656b989 (webtiles) character file.

Game seed: 16926565604961008273

1661 EnegeticOcto the Poker (level 8, -2/60 HPs)
             Began as a Mummy Fighter on Feb 3, 2024.
             Was a Follower of Okawaru.
             Slain by a hornet (8 damage)
             ... on level 7 of the Dungeon.
             The game lasted 00:08:45 (5103 turns).

EnegeticOcto the Poker (Mummy Fighter)              Turns: 5103, Time: 00:08:46

Health: -2/60      AC: 22    Str: 21    XL:     8   Next: 69%
Magic:  19/19      EV:  8    Int:  8    God:    Okawaru [*.....]
Gold:   157        SH:  6    Dex: 11    Spells: 7/7 levels left

rFire   x . .        d - +4 spear (freeze)
rCold   + . .        c - +0 buckler
rNeg    + + +        j - +1 plate armour
rPois   ∞            p - +2 helmet
rElec   .            (no cloak)
rCorr   .            o - +0 pair of gloves
SInv    .            s - +1 pair of boots
Will    +....        (no amulet) Stlth
                     q - ring of magical power
HPRegen 0.30/turn    (no ring)
MPRegen 0.16/turn

%: faith
@: heroic
A: cold resistance 1, negative energy resistance 3, torment resistance 2, heat
vulnerability 1, in touch with death 1, no potions, faith
a: Renounce Religion, Heroism


You were on level 7 of the Dungeon.
You worshipped Okawaru.
Okawaru was aware of your devotion.
You visited 2 branches of the dungeon, and saw 8 of its levels.
You also visited: Sewer.

You collected 341 gold pieces.
You spent 184 gold pieces at shops.

Inventory:

Hand Weapons
 d - a +4 spear of freezing (weapon)
   (You found it on level 1 of the Dungeon)
 h - a +0 trident
   (You found it on level 3 of the Dungeon)
Missiles
 m - 9 poisoned darts (quivered)
Armour
 c - a +0 buckler (worn)
 e - a +0 kite shield
   (You found it on level 1 of the Dungeon)
 j - a +1 plate armour (worn)
   (You found it on level 1 of the Dungeon)
 o - a +0 pair of gloves (worn)
   (You found it on level 5 of the Dungeon)
 p - a +2 helmet (worn)
   (You found it on level 5 of the Dungeon)
 s - a +1 pair of boots (worn)
   (You found it on level 5 of the Dungeon)
Jewellery
 n - a ring of wizardry
   (You found it on level 3 of the Dungeon)
 q - a ring of magical power (left hand)
   (You found it on level 5 of the Dungeon)
Wands
 u - a wand of roots (1) {@v2}
   (You bought it in a shop on level 5 of the Dungeon)
Scrolls
 g - a scroll of summoning {!r}
 i - 5 scrolls of teleportation {@r3 !r}
 k - a scroll of revelation {@r5 !r}
 l - 2 scrolls of immolation
 r - a scroll of vulnerability
 t - a scroll of poison {!r}
 v - 2 scrolls of noise {unknown}


   Skills:
 + Level 4.1(9.1) Fighting
 - Level 2.0(7.0) Maces & Flails
 + Level 7.2(12.2) Polearms
 - Level 4.0(9.0) Armour
 + Level 3.4(8.4) Shields
 + Level 2.7 Invocations


You had 7 spell levels left.
You didn't know any spells.
Your spell library contained the following spells:

 Spells                   Type           Power      Damage    Failure   Level
 Freeze                   Ice            0%         1d3       100%        1
 Sandblast                Erth           0%         2d4       100%        1
 Blink                    Tloc           0%         N/A       100%        2
 Lesser Beckoning         Tloc           0%         N/A       100%        2
 Momentum Strike          Conj/Tloc      0%         3d8       100%        2
 Static Discharge         Conj/Air       0%         3-3/arc   100%        2
 Dazzling Flash           Conj/Hex       0%         N/A       100%        3
 Frozen Ramparts          Ice            0%         1d1       100%        3
 Hailstorm                Conj/Ice       0%         3d5       100%        3
 Mephitic Cloud           Conj/Alch/Air  0%         N/A       100%        3
 Passwall                 Erth           0%         N/A       100%        3
 Stone Arrow              Conj/Erth      0%         3d7       100%        3
 Airstrike                Air            0%         2d(0-16)  100%        4
 Brom's Barrelling Bould  Conj/Erth      0%         2d3       100%        4
 Curse of Agony           Necr           0%         N/A       100%        5
 Silence                  Hex/Air        0%         N/A       100%        5
 Summon Lightning Spire   Summ/Air       Unusable   N/A       N/A         4

Dungeon Overview and Level Annotations

Branches:
Dungeon (7/15) Zot: 26909  Temple (1/1) D:5 Zot: 5948   Sewer (visited)

Altars:
Ashenzari
Cheibriados
Dithmenos
Fedhas
Gozag
Kikubaaqudgha
Makhleb
Nemelex Xobeh
Okawaru
Qazlal
Ru
Sif Muna
Trog
Uskayaw
Vehumet
Wu Jian
Xom
Yredelemnul

Shops:
D:2 [   D:5 *


Innate Abilities, Weirdness & Mutations

You are immune to poison.
Your flesh is cold resistant. (rC+)
You are immune to negative energy. (rN+++)
You are immune to unholy pain and torment.
You are vulnerable to heat. (rF-)
You are in touch with the powers of death.
You do not drink.
You have a special connection with the divine. (Faith)


Message History

You reach to attack!
You hit the orc priest but do no damage.
You reach to attack!
You puncture the orc priest! You freeze the orc priest.
The orc priest is heavily wounded.
You puncture the orc priest! You freeze the orc priest.
You kill the orc priest!
Okawaru accepts your kill.
Items here: )) [[ †.
You reach to attack!
You hit the orc warrior but do no damage.
You closely miss the orc warrior.
The orc warrior hits you with a +0 scimitar!
You closely miss the orc warrior. You hit the orc warrior.
You freeze the orc warrior.
The orc warrior is moderately wounded.
The orc warrior hits you with a +0 scimitar.
The orc hits you but does no damage.
The orc priest calls down the wrath of Beogh upon you.
Beogh smites you! The orc barely misses you.
You are too injured to fight recklessly!
You are too injured to fight recklessly!
You are too injured to fight recklessly!
You are too injured to fight recklessly!
You are too injured to fight recklessly!
You are too injured to fight recklessly!
The orc priest calls upon Beogh to heal the orc warrior.
The orc warrior is healed somewhat.
The orc warrior attacks as it pursues you!
The orc warrior hits you with a +0 scimitar.
You gain the combat prowess of a mighty hero.
You block the orc warrior's attack.
You hit the orc warrior but do no damage.
The orc warrior is lightly wounded.
The orc warrior hits you with a +0 scimitar.
The orc warrior attacks as it pursues you!
You block the orc warrior's attack.
A hornet comes into view.
The orc warrior attacks as it pursues you!
The orc warrior hits you but does no damage.
The hornet buzzes angrily.
The orc warrior attacks as it pursues you!
The orc warrior hits you with a +0 scimitar!
You closely miss the orc priest.
Aiming: Fastroot
Press: ? - help, Shift-Dir - straight line, f - you, p - orc warrior The roots erupt in riotous growth!
Roots grab the orc priest.
Roots grab the orc warrior.
The grasping roots constrict the orc warrior.
The grasping roots constrict the orc priest.
You hear a shout!
You block the orc priest's attack.
The orc warrior hits you with a +0 scimitar!
* * * LOW HITPOINT WARNING * * *
You can't drink.
Unknown command.
Really read
i - 5 scrolls of teleportation {@r3 !r}?
Okay, then.
Really read
f - a scroll of fear {!r}?
As you read the scroll of fear {!r}, it crumbles to dust.
You assume a fearsome visage.
The hornet easily resists.
The orc warrior looks frightened!
The orc priest looks frightened!
The orc looks frightened!
The grasping roots constrict the orc warrior!
The grasping roots constrict the orc priest!
The roots release their grip on the orc warrior.
The orc priest struggles to escape constriction.
Okay, then.
Okay, then.
You can't drink.
Unknown command.
Okay, then.
Okay, then.
You hit the orc priest. You freeze the orc priest.
You kill the orc priest!
Okawaru accepts your kill.
Aiming: Fastroot
Press: ? - help, Shift-Dir - straight line, f - hornet
Aim: a hornet The roots erupt in riotous growth!
Roots grab the hornet.
Your attack snaps the orc warrior out of its fear.
Roots grab the orc warrior.
The grasping roots constrict the hornet.
The grasping roots constrict the orc warrior.
The hornet stings you but does no damage.
The orc warrior struggles to escape constriction.
The hornet stings you.
* * * LOW HITPOINT WARNING * * *
The grasping roots constrict the hornet.
The grasping roots constrict the orc warrior.
The roots release their grip on the hornet.
The roots release their grip on the orc warrior.
You see here a +0 mace.
Really read
t - 2 scrolls of poison {!r}? [Y]es or [N]o only, please.
Really read
t - 2 scrolls of poison {!r}?
The air fills with toxic fumes!
As you read the scroll of poison {!r}, it crumbles to dust.
The hornet stings you!
You die...

########.# #..§§§§§§#
.#. #...§§§§§####.#.
#####....§§§§......
#.........§§§# #..#
####.......§§# #..#
#..######§# #..# # #
#..######§###§§#§#..#
#).§§§§§§§@y§o§§§§...
#)######§§###§§#§#..
#.# #§§.o...#
##.######§####..#
#<......§§# #..#
##.##.###§# #..# #.#
# #o# #... #.# ...
####. #.# ... ..


You could see a hornet and an orc warrior.

Vanquished Creatures
  Edmund (D:6)
  2 ice beasts (D:6)
  3 black bears
  A phantom (D:5)
  2 kobold brigands (Sewer)
  A scorpion (D:6)
  3 hounds
  3 jellies
  3 bombardier beetles
  3 orc priests
  3 iguanas
  4 orc wizards
  4 gnolls (D:7)
  9 adders
  2 river rats (Sewer)
  A shadow imp (D:5)
  A white imp (D:6)
  3 dart slugs
  4 ribbon worms
  9 orcs
  3 bats
  8 endoplasms
  A giant cockroach (D:4)
  10 goblins
  6 hobgoblins
  10 jackals
  3 quokkas
  12 ball pythons
  5 frilled lizards
  10 kobolds
  8 rats
138 creatures vanquished.

Notes
Turn   | Place    | Note
-------+----------+-------------------------------------------
     0 | D:1      | EnegeticOcto the Mummy Fighter began the quest for the Orb.
     0 | D:1      | Reached XP level 1. HP: 18/18 MP: 1/1
    31 | D:1      | Reached skill level 2 in Maces & Flails
    56 | D:1      | Reached XP level 2. HP: 22/24 MP: 2/2
   170 | D:1      | Reached skill level 1 in Polearms
   214 | D:1      | You fall into a shaft and drop 1 floor!
   239 | D:2      | Found a stormy altar of Qazlal.
   655 | D:2      | Reached skill level 2 in Polearms
   655 | D:2      | Reached XP level 3. HP: 14/29 MP: 3/3
   716 | D:2      | Found Itemmuh's Antique Armour Emporium.
  1409 | D:3      | Found a glowing drain.
  1437 | Sewer    | Entered a sewer
  1444 | Sewer    | Reached XP level 4. HP: 35/35 MP: 4/4
  1506 | Sewer    | Noticed a kobold brigand
  1508 | Sewer    | Noticed a kobold brigand
  1536 | Sewer    | Killed a kobold brigand
  1537 | Sewer    | Reached skill level 3 in Polearms
  1537 | Sewer    | Reached XP level 5. HP: 14/41 MP: 5/5
  1543 | Sewer    | Reached skill level 4 in Polearms
  1907 | D:3      | Reached XP level 6. HP: 47/47 MP: 6/6
  2334 | D:4      | Reached skill level 5 in Polearms
  2620 | D:4      | Identified the +0 scale mail of Joopp {Harm rPois rF-}
  2634 | D:4      | Reached XP level 7. HP: 40/52 MP: 7/7
  2850 | D:4      | Reached skill level 6 in Polearms
  3248 | D:5      | Entered Level 5 of the Dungeon
  3271 | D:5      | Reached skill level 3 in Armour
  3748 | D:5      | Found Feqiber's General Store.
  3752 | D:5      | Bought a wand of roots (6) for 144 gold pieces
  3752 | D:5      | Bought a scroll of poison for 40 gold pieces
  3867 | D:5      | Found a staircase to the Ecumenical Temple.
  3921 | Temple   | Entered the Ecumenical Temple
  3947 | Temple   | Became a worshipper of Warmaster Okawaru
  4250 | D:6      | Reached skill level 4 in Armour
  4250 | D:6      | Reached skill level 1 in Invocations
  4250 | D:6      | Reached XP level 8. HP: 56/58 MP: 8/8
  4444 | D:6      | Noticed Edmund
  4471 | D:6      | Killed Edmund
  4472 | D:6      | Reached skill level 7 in Polearms
  4507 | D:6      | Reached skill level 2 in Invocations
  4630 | D:6      | Reached * piety under Okawaru
  4631 | D:6      | Reached skill level 3 in Shields
  5027 | D:7      | Reached skill level 4 in Fighting
  5094 | D:7      | Noticed a hornet
  5103 | D:7      | Slain by a hornet

Illustrated notes

Levels and vault maps discovered:
D:1:      saegor_arrival_simple_b, layout_basic
D:2:      layout_basic, basic_altar, serial_shops,
          nicolae_shop_advertising_works [nicolae_subvault_shop_adworks]
D:3:      layout_basic, cheibrodos_sewer_entry_bend, minmay_snake_closets
D:4:      layout_basic, grunt_decor_fettered, chequers_serial_rivers_small_3
D:5:      layout_cave_pools, minmay_temple_entry_gardened_gates, serial_shops,
          nicolae_shop_tiny_real_fake_doors
D:6:      layout_rooms, uniq_edmund
D:7:      layout_basic, uniq_crazy_yiuf_cottage, uniq_menkaure
Temple:   mainiacjoe_temple_trianglar_array

Skill      XL: |  1  2  3  4  5  6  7  8 |
---------------+-------------------------+-----
Maces & Flails | 2 |  2.0
Polearms       | 2 3 4 5 6 7 |  7.2
Armour         | 4 |  4.0
Invocations    | 1 2 |  2.7
Shields        | 3 |  3.4
Fighting       | 4 |  4.1

Action                     |  1- 3 |  4- 6 |  7- 9 || total
---------------------------+-------+-------+-------++-------
  Melee: Flail             |    10 |       |       ||    10
         Spear             |    88 |   159 |   207 ||   454
  Throw: Dart              |       |       |    12 ||    12
 Invoke: Heroism           |       |       |     1 ||     1
  Evoke: Wand              |       |       |     5 ||     5
    Use: Scroll            |     3 |     4 |     6 ||    13
 Armour: Scale mail        |    31 |       |       ||    31
         Plate armour      |    32 |    79 |   138 ||   249
  Dodge: Dodged            |    38 |    29 |    25 ||    92
  Block: Buckler           |    10 |    16 |    30 ||    56

Table legend:
 A = Kills in this place as a percentage of kills in the entire game.
 B = Kills by you in this place as a percentage of kills by you in the entire game.
 C = Kills by friends in this place as a percentage of kills by friends in the entire game.
 D = Other kills in this place as a percentage of other kills in the entire game.
 E = Experience gained in this place as a percentage of experience gained in the entire game.
 F = Experience gained in this place divided by the number of levels of this place that you have seen.
                   A       B       C       D       E      F
               +-------+-------+-------+-------+-------+----------------------
         Total | 100.0 | 100.0 |   N/A |   N/A | 100.0 | 263.8
       Dungeon |  90.6 |  90.6 |   N/A |   N/A |  90.2 | 305.9
         Sewer |   9.4 |   9.4 |   N/A |   N/A |   9.8 | 233.0
               +-------+-------+-------+-------+-------+----------------------

Table legend: (Time is in decaauts)
 A = Elapsed time spent in this place.
 B = Non-inter-level travel time spent in this place.
 C = Inter-level travel time spent in this place.
 D = Time resting spent in this place.
 E = Time spent auto-exploring this place.
 F = Levels seen in this place.
 G = Mean time per level.
                   A        B        C        D        E       F      G
               +--------+--------+--------+--------+--------+-----+--------+
         Total |   5137 |   4933 |    204 |    292 |   3373 |   9 |  570.8 |
       Dungeon |   4728 |   4573 |    155 |    292 |   3256 |   7 |  675.4 |
        Temple |     51 |      2 |     49 |      0 |      0 |   1 |   51.0 |
         Sewer |    356 |    356 |      0 |      0 |    116 |   1 |  356.0 |
               +--------+--------+--------+--------+--------+-----+--------+

Top non-repeatable levels by time:
     D:4: 926 daAuts
     D:5: 911 daAuts
     D:2: 806 daAuts
     D:6: 767 daAuts
     D:3: 653 daAuts
     D:1: 573 daAuts
   Sewer: 356 daAuts
     D:7: 89 daAuts
  Temple: 51 daAuts
